 Dungeon Crawl Stone Soup version 0.18-a0-1395-gb527cc9 (webtiles) character file.

49 Wallaby3 the Chiller (level 3, -9/24 HPs)
             Began as a Mummy Ice Elementalist on Feb 23, 2016.
             Mangled by a worm (11 damage)
             ... on level 2 of the Dungeon.
             The game lasted 00:03:21 (1260 turns).

Wallaby3 the Chiller (Mummy Ice Elementalist)       Turns: 1260, Time: 00:03:21

Health: -9/24      AC:  3    Str: 11    XL:     3   Next: 53%
Magic:  2/6        EV: 12    Int: 15    God:
Gold:   50         SH:  0    Dex: 12    Spells: 1 memorised, 5 levels left

rFire  x . .     SeeInvis .     f - +1 dagger (drain)
rCold  + . .     Gourm    .     a - +0 robe
rNeg   + + +     Faith    .     (no shield)
rPois  ∞         Spirit   .     g - +0 helmet
rElec  .         Dismiss  .     (no cloak)
rCorr  .         Reflect  .     (no gloves)
SustAt .         Harm     .     (no boots)
MR     .....                    (no amulet)
Stlth  ++........               (no ring)
                                (no ring)

@: not resistant to hostile enchantments, unstealthy
A: no food or potions, fire vulnerability, cold resistance 1, negative energy
resistance 3, torment resistance, unbreathing
a: no special abilities


You were on level 2 of the Dungeon.
You were not hungry.

You visited 1 branch of the dungeon, and saw 2 of its levels.

You collected 50 gold pieces.

Inventory:

Hand Weapons
 d - a +0 dagger
 f - a +1 dagger of draining (weapon)
Missiles
 e - 24 arrows
 i - 2 throwing nets (quivered)
Armour
 a - a +0 robe (worn)
 g - a +0 helmet (worn)
Jewellery
 h - an uncursed ring of stealth {unknown}
Scrolls
 c - a scroll of amnesia {unknown}
Books
 b - a book of Frost

   Spells                             Type                      Level
   a - Freeze                         Ice                          1
   b - Throw Frost                    Conjuration/Ice              2
   c - Ozocubu's Armour               Charms/Ice                   3
   d - Throw Icicle                   Conjuration/Ice              4
   e - Summon Ice Beast               Ice/Summoning                4


   Skills:
 - Level 1.5 Dodging
 - Level 1.5 Stealth
 - Level 2.0 Spellcasting
   Level 0.7 Conjurations
 + Level 3.8 Ice Magic


You had 5 spell levels left.
You knew the following spells:

 Your Spells              Type           Power        Failure   Level  Hunger
a - Freeze                Ice            ##..         6%          1    N/A

Dungeon Overview and Level Annotations

Branches:
Dungeon (2/15)

Altars:


Innate Abilities, Weirdness & Mutations

You do not eat or drink.
Your flesh is vulnerable to fire.
You are immune to poison.
Your flesh is cold resistant.
You are immune to negative energy.
You are immune to unholy pain and torment.
You can survive without breathing.


Message History

You freeze the worm.
The worm is moderately wounded.
Casting: Freeze
Confirm with . or Enter, or press ? or * to list all spells.
Aiming: Freeze
Press: ? - help, Shift-Dir - straight line, f/p - worm
Aim: a worm (moderately wounded)
You freeze the worm.
The worm is heavily wounded.
The worm bites you!
* * * LOW HITPOINT WARNING * * *
Casting: Freeze
Confirm with . or Enter, or press ? or * to list all spells.
Aiming: Freeze
Press: ? - help, Shift-Dir - straight line, f/p - worm
Aim: a worm (heavily wounded)
You freeze the worm.
The worm is severely wounded.
The worm bites you!
You die...

..... ##.[....#.. ....
.r.)....#.# ....
..........## ##
#........# ###
#).....?.# ..# ####..#.#
..... #....#..# #...#
#.##.##w..##
#.....##....#.@###
#............#######
#.........###........
##.........###.....?..
##...........##..#......
...#.........##.###..###
.###..................#
.##............###......
###...>......#..........


You could see a worm.

Vanquished Creatures
  2 adders (D:2)
  A dart slug (D:1)
  2 giant cockroaches (D:1)
  5 goblins (D:1)
  4 hobgoblins (D:1)
  4 jackals (D:1)
  5 bats
  A kobold (D:2)
  3 rats (D:1)
27 creatures vanquished.

Notes
Turn   | Place    | Note
--------------------------------------------------------------
     0 | D:1      | Wallaby3 the Mummy Ice Elementalist began the quest for the Orb.
     0 | D:1      | Reached XP level 1. HP: 13/13 MP: 3/3
   151 | D:1      | Reached XP level 2. HP: 14/19 MP: 1/5
   338 | D:1      | Reached skill level 3 in Ice Magic
   883 | D:1      | Reached XP level 3. HP: 16/24 MP: 1/6
  1260 | D:2      | Mangled by a worm

Vault maps used:
D:1:      minmay_arrival_open_corners
D:2:      first_bread

Skill      XL: |  1  2 |
---------------+-------+-----
Ice Magic      | 3 |  3.8
Dodging        | |  1.5
Stealth        | |  1.5
Spellcasting   | |  2.0
Conjurations   | |  0.7

Action                   || total
-------------------------++-------
Melee: Dagger            ||    53
       Unarmed           ||     1
 Cast: Freeze            ||    23
 Stab: Sleeping          ||     4
